 Dungeon Crawl Stone Soup version 0.31-a0-564-g3b7de120b3 (webtiles) character file.

Game seed: 7958656664606785085

389 Hubris850 the Changeling (level 6, -1/47 HPs)
             Began as a Draconian Shapeshifter on Aug 17, 2023.
             Killed by divine providence
             ... invoked by an orc priest
              (11 damage)
             ... on level 4 of the Dungeon.
             The game lasted 00:07:16 (2728 turns).

Hubris850 the Changeling (Draconian Shapeshifter)   Turns: 2728, Time: 00:07:17

Health: -1/47      AC: 10    Str: 18    XL:     6   Next: 50%
Magic:  6/6        EV: 12    Int: 16    God:
Gold:   124        SH:  0    Dex: 11    Spells: 5/5 levels left

rFire   . . .        a - +3 quarterstaff (chaos)
rCold   . . .        (shield currently unavailable)
rNeg    . . .        (body armour unavailable)
rPois   .            g - +2 hat
rElec   .            h - +1 cloak
rCorr   .            (no gloves)
SInv    .            (no boots)
Will    .....        (no amulet)
Stlth   +            f - +6 ring of intelligence
HPRegen 0.27/turn    (no ring)
MPRegen 0.10/turn

%: no passive effects
@: no status effects
A: AC +6, unfitting armour, cold-blooded
a: no special abilities


You were on level 4 of the Dungeon.
You visited 1 branch of the dungeon, and saw 4 of its levels.

You collected 124 gold pieces.

Inventory:

Hand Weapons
 a - a +3 quarterstaff of chaos (weapon)
 n - a +0 war axe of flaming
Missiles
 k - a boomerang
 m - 6 poisoned darts
Armour
 g - a +2 hat (worn)
 h - a +1 cloak (worn)
 q - a +0 buckler
Magical Staves
 p - a staff of cold
Jewellery
 f - a +6 ring of intelligence (left hand)
Talismans
 b - a beast talisman
 c - a flux talisman
 o - a maw talisman
Scrolls
 d - a scroll of identify
 e - 2 scrolls of amnesia
 i - a scroll of teleportation
 l - a scroll of enchant armour
 r - a scroll of fear {unknown}
Potions
 j - a potion of lignification


   Skills:
 - Level 1.1 Fighting
 - Level 1.7 Dodging
 - Level 5.0 Unarmed Combat
 + Level 5.4 Shapeshifting


You had 5 spell levels left.
You didn't know any spells.
Your spell library contained the following spells:

 Spells                   Type           Power      Damage    Failure   Level
 Static Discharge         Conj/Air       0%         2-2/arc   36%         2
 Airstrike                Air            0%         2d(0-16)  94%         4
 Summon Lightning Spire   Summ/Air       0%         N/A       94%         4


Dungeon Overview and Level Annotations

Branches:
Dungeon (4/15)
 Temple: D:4-7

Altars:
Kikubaaqudgha
Okawaru

Shops:
D:3 (


Innate Abilities, Weirdness & Mutations

Your plain brown scales are hard. (AC +6)
You cannot fit into any form of body armour.
You are cold-blooded and may be slowed by cold attacks.


Message History

You kill the orc!
You closely miss the orc.
The orc is heavily wounded.
The orc closely misses you. The orc hits you but does no damage.
The orc barely misses you.
You barely miss the orc.
The orc is heavily wounded.
The orc hits you but does no damage. x2; The orc hits you with a +0 flail.
The orc closely misses you. The orc hits you but does no damage. x2
You sock the orc!
You feel better.
You kill the orc!
The orc priest mumbles some strange prayers to Beogh against you.
Beogh smites you! The orc hits you but does no damage.
The orc barely misses you.
You hit the orc. You burn the orc.
You kill the orc!
The orc hits you but does no damage.
You hit the orc priest. You burn the orc priest.
Your tail-slap misses the orc priest.
The orc priest is heavily wounded.
The orc priest hits you with a +0 flail.
The orc hits you but does no damage. x2
The orc priest invokes the aid of Beogh against you.
Beogh smites you!
You are too injured to fight recklessly!
You are too injured to fight recklessly!
You are too injured to fight recklessly!
You are too injured to fight recklessly!
You barely miss the orc priest.
The orc priest is heavily wounded.
The orc hits you with a +0 club.
The orc priest mumbles some strange prayers to Beogh against you.
Beogh smites you!
* * * LOW HITPOINT WARNING * * *
You hit the orc priest. You burn the orc priest.
The orc priest is severely wounded.
The orc completely misses you.
The orc priest invokes the aid of Beogh against you.
Beogh smites you!
You die...

#..# ..# #..#
#..#### #..#
.......
#..######.......
##............#
##.............##
##)).#####.......#
.#####.))##
##..#...#
.......)## #@o#
...# ...<....#
#)o## .#
......).### #...#
#.........####..##
##...[......#...
#........####.#
##.....### ##
#....## #..#.#


You could see an orc priest and an orc.

Vanquished Creatures
  A phantom (D:4)
  The ghost of elongatedgoose the Changeling, an amateur SpSh (D:3)
  2 vampire bats (D:3)
  Crazy Yiuf (D:2)
  An orc priest (D:3)
  An orc wizard (D:3)
  A worm (D:3)
  2 dart slugs
  16 orcs
  5 bats
  4 bat skeletons (D:3)
  A bat zombie (D:3)
  3 endoplasms
  3 giant cockroaches
  4 goblins
  4 hobgoblins
  2 jackals (D:2)
  3 quokkas
  2 ball pythons (D:1)
  4 frilled lizards
  3 kobolds
  5 rats
69 creatures vanquished.

Vanquished Creatures (others)
  An orc zombie (D:3)
1 creature vanquished.

Grand Total: 70 creatures vanquished

Notes
Turn   | Place    | Note
-------+----------+-------------------------------------------
     0 | D:1      | Hubris850 the Draconian Shapeshifter began the quest for
                  | the Orb.
     0 | D:1      | Reached XP level 1. HP: 16/16 MP: 1/1
   339 | D:1      | Reached XP level 2. HP: 23/23 MP: 2/2
  1279 | D:2      | Found a runed translucent door.
  1280 | D:2      | Noticed Crazy Yiuf
  1292 | D:2      | Killed Crazy Yiuf
  1293 | D:2      | Reached XP level 3. HP: 28/28 MP: 3/3
  1468 | D:2      | Found an iron altar of Okawaru.
  1550 | D:2      | Identified the +5 ring mail of Absolutism {Rampage rPois
                  | Regen+ Int-2}
  1605 | D:2      | Found a faded altar of an unknown god.
  1615 | D:2      | Identified the +1 plate armour "Arevvuwk" {rF+ rCorr Dex-2}
  1736 | D:3      | Reached XP level 4. HP: 18/35 MP: 4/4
  1892 | D:3      | Found Zoikhlap's Antique Weapon Shoppe.
  1978 | D:3      | Found a runed translucent gate.
  1978 | D:3      | Found a runed translucent gate.
  1978 | D:3      | Found a runed translucent gate.
  1978 | D:3      | Noticed elongatedgoose's ghost (amateur SpSh)
  2001 | D:3      | Reached XP level 5. HP: 18/40 MP: 5/5
  2212 | D:3      | Identified the +1 robe of Whack-A-Mole {rPois rF+ Will-}
  2369 | D:3      | Found an ancient bone altar of Kikubaaqudgha.
  2394 | D:3      | Reached skill level 5 in Unarmed Combat
  2587 | D:3      | Killed elongatedgoose's ghost
  2588 | D:3      | Reached skill level 5 in Shapeshifting
  2588 | D:3      | Reached XP level 6. HP: 42/47 MP: 6/6
  2728 | D:4      | Killed from afar by an orc priest

Illustrated notes

Levels and vault maps discovered:
D:1:      lemuel_arrival_broad_hall, layout_basic, serial_curves,
          eino_curves_02, eino_curves_02
D:2:      layout_rooms, shapermc_ecumenical_altar_flowoftime, basic_altar,
          uniq_crazy_yiuf_cottage
D:3:      layout_loops_cross, kennysheep_vampire_church, serial_shops,
          nicolae_shop_hallway_stairs, ebering_ghost_rock_garden
D:4:      layout_layer_cave, grunt_temple_overflow_champion_of_chaos

Skill      XL: |  1  2  3  4  5 |
---------------+----------------+-----
Unarmed Combat | 4 5 |  5.0
Shapeshifting  | 4 5 |  5.4
Fighting       | |  1.1
Dodging        | |  1.7

Action                     |  1- 3 |  4- 6 || total
---------------------------+-------+-------++-------
  Melee: Unarmed           |    60 |       ||    60
         Tailslap          |    14 |     8 ||    22
         Punch             |     1 |       ||     1
         Quarterstaff      |    37 |   112 ||   149
Ability: Begin Untransform |     2 |       ||     2
    Use: Potion            |     2 |       ||     2
         Scroll            |     5 |     2 ||     7
 Armour: Skin              |    36 |    78 ||   114
  Dodge: Dodged            |    53 |   117 ||   170
   Form: Beast             |     1 |       ||     1

Table legend: (Time is in decaauts)
 A = Elapsed time spent in this place.
 B = Non-inter-level travel time spent in this place.
 C = Inter-level travel time spent in this place.
 D = Time resting spent in this place.
 E = Time spent auto-exploring this place.
 F = Levels seen in this place.
 G = Mean time per level.
                   A        B        C        D        E       F      G
               +--------+--------+--------+--------+--------+-----+--------+
         Total |   2754 |   2641 |    113 |    272 |   1814 |   4 |  688.5 |
       Dungeon |   2754 |   2641 |    113 |    272 |   1814 |   4 |  688.5 |
               +--------+--------+--------+--------+--------+-----+--------+

Top non-repeatable levels by time:
     D:1: 1162 daAuts
     D:3: 938 daAuts
     D:2: 547 daAuts
     D:4: 105 daAuts
